 Dungeon Crawl Stone Soup version 0.22.0 (webtiles) character file.

763 Blackhawk the Poker (level 7, -1/56 HPs)
             Began as a Merfolk Fighter on Nov 3, 2018.
             Was an Initiate of Okawaru.
             Slain by an orc warrior
             ... wielding a +0 halberd
              (7 damage)
             ... on level 4 of the Dungeon.
             The game lasted 00:09:28 (5438 turns).

Blackhawk the Poker (Merfolk Fighter)               Turns: 5438, Time: 00:09:28

Health: -1/56      AC:  9    Str: 18    XL:     7   Next: 81%
Magic:  7/7        EV:  5    Int:  7    God:    Okawaru [......]
Gold:   198        SH: 10    Dex: 14    Spells: 6/6 levels left

rFire    . . .     SeeInvis .   v - +0 trident (holy)
rCold    . . .     Gourm    .   c - +0 shield
rNeg     . . .     Faith    .   u - +0 chain mail
rPois    .         Spirit   .   (no helmet)
rElec    .         Reflect  .   (no cloak)
rCorr    .         Harm     .   (no gloves)
MR       .....                  (no boots)
Stlth    ..........             (no amulet)
HPRegen  0.18/turn              (no ring)
MPRegen  0.10/turn              (no ring)

@: no status effects
A: change form in water, swift swim, stealthy swim
a: Renounce Religion


You were on level 4 of the Dungeon.
You worshipped Okawaru.
Okawaru was noncommittal.
You were not hungry.

You visited 2 branches of the dungeon, and saw 6 of its levels.

You collected 198 gold pieces.

Inventory:

Hand Weapons
 a - a +0 trident
 v - a +0 trident of holy wrath (weapon)
Missiles
 i - 89 stones (quivered)
 p - 30 sling bullets
Armour
 b - a +0 scale mail
 c - a +0 shield (worn)
 u - a +0 chain mail (worn)
Jewellery
 s - a +1 ring of slaying {unknown}
 x - an uncursed ring of magical power {unknown}
 z - a +5 ring of intelligence {unknown}
Wands
 r - a wand of flame (29)
Scrolls
 e - 7 scrolls of identify {unknown}
 h - 3 scrolls of remove curse {unknown}
 j - a scroll of enchant armour {unknown}
 n - a scroll of amnesia {unknown}
 o - a scroll of enchant weapon {unknown}
 q - 4 scrolls of fear {unknown}
 t - a scroll of magic mapping {unknown}
 y - a scroll of blinking {unknown}
Potions
 d - a potion of might
 g - a potion of cancellation {unknown}
 k - 4 potions of flight {unknown}
 l - 3 potions of ambrosia {unknown}
 m - 3 potions of haste {unknown}
 w - a potion of invisibility {unknown}
Comestibles
 f - 3 rations


   Skills:
 + Level 5.6 Fighting
 + Level 6.6 Polearms
 + Level 3.8 Armour
 + Level 5.1 Shields


You had 6 spell levels left.
You didn't know any spells.
Your spell library was empty.

Dungeon Overview and Level Annotations

Branches:
Dungeon (5/15)             Temple (1/1) D:5

Altars:
Ashenzari
Cheibriados
Dithmenos
Elyvilon
Fedhas
Gozag
Kikubaaqudgha
Makhleb
Nemelex Xobeh
Okawaru
Qazlal
Ru
Sif Muna
Trog
Uskayaw
Vehumet
Wu Jian
Xom
Yredelemnul
Zin
The Shining One

Shops:
D:5 (


Message History

* * * LOW HITPOINT WARNING * * *
Your shield and chain mail prevent you from hitting the orc warrior.
The orc warrior is moderately wounded.
The orc warrior hits you with a halberd!
* * * LOW HITPOINT WARNING * * *
You closely miss the orc warrior.
The orc warrior is moderately wounded.
You block the orc warrior's attack.
You hit the orc warrior.
The orc warrior is heavily wounded.
You block the orc warrior's attack.
You hit the orc warrior.
The orc warrior is heavily wounded.
You puncture the orc warrior!
The orc warrior is almost dead.
You block the orc warrior's attack.
Your shield and chain mail prevent you from hitting the orc warrior.
The orc warrior is almost dead.
The orc warrior hits you with a halberd!
You die...

...##......#########...#
#######.#### #.......# ##### #.#
########.>.# #...# #.##
#......##..######.#.# #..#
#...................# ########.#
#.............###.### .....# #.##
#.............# #.#
.....###..######.o........###.###
.............# #@................
.........)...# #..........###.###
.............# ######.........#
.....##+##...########.#.#######
.....#≈≈≈#................#
.....+≈§§'...###.####.###.#
.....#≈≈§#.### #.# #.# #.#
.....##+##.# #.# #.# #.#
.....##.#..#####.# #.# #.#


You could see an orc warrior.

Vanquished Creatures
  A phantom (D:5)
  A centaur (D:5)
  A bullfrog (D:3)
  A wight (D:4)
  A centaur zombie (D:5)
  An orc priest (D:5)
  2 hounds
  Jessica (D:3)
  An iguana (D:4)
  3 worker ants
  2 hound skeletons (D:5)
  A worker ant zombie (D:5)
  A gnoll (D:4)
  2 howler monkey skeletons
  9 adders
  A shadow imp (D:4)
  An ooze (D:1)
  An adder skeleton (D:4)
  2 worms
  3 dart slugs (D:2)
  4 leopard geckos
  8 orcs
  A ball python (D:5)
  A giant cockroach (D:4)
  4 goblins
  10 hobgoblins
  4 jackals (D:3)
  A quokka (D:2)
  11 bats
  4 frilled lizards
  2 kobolds (D:1)
  A quokka skeleton (D:4)
  8 rats
95 creatures vanquished.

Notes
Turn   | Place    | Note
-------+----------+-------------------------------------------
     0 | D:1      | Blackhawk the Merfolk Fighter began the quest for the Orb.
     0 | D:1      | Reached XP level 1. HP: 18/18 MP: 1/1
   219 | D:1      | Reached XP level 2. HP: 24/24 MP: 2/2
   717 | D:1      | Reached XP level 3. HP: 29/30 MP: 3/3
   761 | D:2      | Found a faded altar of an unknown god.
   945 | D:2      | Reached skill level 4 in Polearms
   945 | D:2      | Reached XP level 4. HP: 34/37 MP: 4/4
  2086 | D:3      | Noticed a bullfrog
  2097 | D:3      | Killed a bullfrog
  2097 | D:3      | Reached XP level 5. HP: 20/43 MP: 5/5
  2437 | D:3      | Noticed Jessica
  2440 | D:3      | Killed Jessica
  2632 | D:4      | Reached skill level 5 in Polearms
  2632 | D:4      | Reached XP level 6. HP: 49/49 MP: 6/6
  3931 | D:5      | Entered Level 5 of the Dungeon
  4050 | D:5      | Found a deep blue altar of Sif Muna.
  4093 | D:5      | Found Zyvyll's Antique Weapon Emporium.
  4140 | D:5      | Noticed a phantom
  4149 | D:5      | Killed a phantom
  4149 | D:5      | Reached skill level 5 in Fighting
  4149 | D:5      | Reached XP level 7. HP: 45/56 MP: 7/7
  4300 | D:5      | Reached skill level 6 in Polearms
  4494 | D:5      | Reached skill level 5 in Shields
  4538 | D:5      | Found a staircase to the Ecumenical Temple.
  4547 | Temple   | Entered the Ecumenical Temple
  4836 | Temple   | Became a worshipper of Warmaster Okawaru
  5438 | D:4      | Slain by an orc warrior

Skill      XL: |  1  2  3  4  5  6  7 |
---------------+----------------------+-----
Polearms       | 4 5 6 |  6.6
Fighting       | 4 5 |  5.6
Armour         | 3 |  3.8
Shields        | 4 5 |  5.1

Action                   |  1- 3 |  4- 6 |  7- 9 || total
-------------------------+-------+-------+-------++-------
Melee: Trident           |    90 |   202 |    94 ||   386
 Stab: Distracted        |       |     1 |       ||     1
  Eat: Chunk             |       |    11 |     3 ||    14
Armor: Scale mail        |    38 |    50 |       ||    88
       Chain mail        |       |    16 |    36 ||    52
Dodge: Dodged            |    11 |    40 |    23 ||    74
Block: Shield            |    31 |    73 |    51 ||   155
